General information
- name: BNet
- type: Ladder team game (AT/RT)
- host: Battle.net
- saver: TALONSAREIMBA
map: Deadlock
- players: 8
- length: 28:47
- speed: Fast
- version: 1.26 W3XP
- replay type: Public
» download(113 KB)
Players
team 1 (winner)

»
Mr.Joker (
purple | 35 APM | 1018 actions | 28:47)
6 Death Knight
2 Death Coil
3 Unholy Aura
1 Animate Dead
» actions
| Basic commands | 21 | |
| Build / train | 64 | |
| Enter build submenu | 32 | |
| Enter hero's abilities submenu | 6 | |
| Right click | 496 | |
| Select / deselect | 330 | |
| Use ability | 69 | |
1018 total
» units
| Acolyte | 7 | |
| Ghoul | 4 | |
| Crypt Fiend | 17 | |
| Obsidian Statue | 3 | |
| Frost Wyrm | 4 | |
35 total
» upgrades
| Web | 1 | |
| Creature Attack | 2 | |
| Creature Carapace | 2 | |
| Freezing Breath | 1 | |
6 total
» buildings
| Altar of Darkness | 1 | |
| Crypt | 2 | |
| Ziggurat | 15 | |
| Graveyard | 2 | |
| Tomb of Relics | 1 | |
| Halls of the Dead | 1 | |
| Spirit Tower | 6 | |
| Black Citadel | 1 | |
| Slaughterhouse | 2 | |
| Sacrificial Pit | 1 | |
| Nerubian Tower | 1 | |
| Boneyard | 3 | |
| Necropolis | 1 | |
37 total
» build order
00:17 Altar of Darkness
00:22 Crypt
00:39 Ziggurat
01:04 Graveyard
01:22 Ziggurat
01:43 Tomb of Relics
03:06 Ziggurat
04:55 Ziggurat
06:22 Halls of the Dead
08:14 Spirit Tower
08:19 Spirit Tower
08:34 Spirit Tower
09:17 Ziggurat
09:23 Ziggurat
09:37 Ziggurat
09:40 Ziggurat
09:59 Black Citadel
10:04 Slaughterhouse
10:11 Slaughterhouse
10:48 Sacrificial Pit
11:07 Nerubian Tower
11:09 Spirit Tower
11:12 Ziggurat
13:35 Boneyard
13:46 Boneyard
13:57 Boneyard
17:14 Ziggurat
17:16 Ziggurat
21:32 Spirit Tower
21:34 Spirit Tower
25:42 Graveyard
25:44 Crypt
25:49 Necropolis
27:30 Ziggurat
27:32 Ziggurat
27:34 Ziggurat
27:38 Ziggurat
» items
| Rod of Necromancy | 1 | |
| Potion of Mana | 1 | |
| Potion of Healing | 1 | |
| Scroll of Town Portal | 3 | |
| Orb of Corruption | 1 | |
7 total
J3lue. (
teal | 44 APM | 1256 actions | 28:47)
9 Archmage
2 Blizzard
3 Brilliance Aura
1 Mass Teleport
3 Summon Water Elemental
» actions
| Assign group hotkey | 88 | |
| Basic commands | 94 | |
| Build / train | 62 | |
| Enter build submenu | 23 | |
| Enter hero's abilities submenu | 8 | |
| Give item / drop item | 2 | |
| Right click | 588 | |
| Select / deselect | 216 | |
| Select group hotkey | 142 | |
| Use ability | 33 | |
1256 total
» units
» upgrades
| Gunpowder | 3 | |
| Armor | 3 | |
| Long Rifles | 1 | |
7 total
» buildings
| Farm | 12 | |
| Altar of Kings | 1 | |
| Blacksmith | 1 | |
| Barracks | 2 | |
| Town Hall | 2 | |
| Lumber Mill | 1 | |
| Arcane Vault | 1 | |
| Keep | 1 | |
| Castle | 1 | |
22 total
» build order
00:40 Farm
00:50 Altar of Kings
01:26 Farm
01:56 Blacksmith
02:04 Farm
02:22 Barracks
02:24 Barracks
02:40 Farm
03:18 Farm
03:57 Farm
05:28 Town Hall
06:05 Lumber Mill
06:12 Arcane Vault
06:31 Keep
07:21 Farm
09:42 Town Hall
10:09 Farm
10:54 Farm
13:29 Castle
14:01 Farm
16:22 Farm
17:36 Farm
» items
| Scroll of Regeneration | 2 | |
| Scroll of Town Portal | 4 | |
| Scroll of Protection | 1 | |
| Scroll of Healing | 1 | |
8 total
RoseBudXxX (
green | 82 APM | 2366 actions | 28:47)
9 Blademaster
3 Wind Walk
3 Critical Strike
1 Bladestorm
2 Mirror Image
» actions
| Assign group hotkey | 31 | |
| Basic commands | 112 | |
| Build / train | 56 | |
| ESC pressed | 2 | |
| Enter build submenu | 25 | |
| Enter hero's abilities submenu | 9 | |
| Give item / drop item | 3 | |
| Right click | 1183 | |
| Select / deselect | 345 | |
| Select group hotkey | 501 | |
| Use ability | 99 | |
2366 total
» units
| Peon | 16 | |
| Grunt | 3 | |
| Shaman | 3 | |
| Tauren | 5 | |
27 total
» upgrades
| Shaman Training | 2 | |
| Armor | 1 | |
| Pulverize | 1 | |
4 total
» buildings
| Altar of Storms | 1 | |
| Orc Burrow | 8 | |
| Barracks | 1 | |
| Voodoo Lounge | 3 | |
| Stronghold | 1 | |
| War Mill | 1 | |
| Watch Tower | 2 | |
| Fortress | 1 | |
| Spirit Lodge | 1 | |
| Tauren Totem | 3 | |
| Great Hall | 1 | |
23 total
» build order
00:13 Altar of Storms
00:20 Orc Burrow
00:36 Barracks
01:27 Orc Burrow
01:57 Voodoo Lounge
03:12 Stronghold
03:43 War Mill
04:09 Orc Burrow
05:01 Watch Tower
05:23 Orc Burrow
05:34 Fortress
05:48 Spirit Lodge
06:37 Watch Tower
07:36 Orc Burrow
08:12 Tauren Totem
08:14 Tauren Totem
08:55 Tauren Totem
10:44 Orc Burrow
11:01 Great Hall
12:47 Orc Burrow
14:00 Voodoo Lounge
15:19 Orc Burrow
15:26 Voodoo Lounge
» items
| Circlet of Nobility | 1 | |
| Boots of Speed | 1 | |
| Healing Salve | 2 | |
| Lesser Clarity Potion | 1 | |
| Orb of Lightning | 1 | |
| Scroll of Town Portal | 2 | |
8 total
probe-droid (
yellow | 30 APM | 863 actions | 28:47)
7 Shadow Hunter
3 Healing Wave
3 Hex
1 Big Bad Voodoo
» actions
| Assign group hotkey | 12 | |
| Basic commands | 1 | |
| Build / train | 56 | |
| Enter build submenu | 25 | |
| Enter hero's abilities submenu | 7 | |
| Remove unit from queue | 3 | |
| Right click | 421 | |
| Select / deselect | 191 | |
| Select group hotkey | 76 | |
| Use ability | 71 | |
863 total
» units
» upgrades
| Berserker Strength | 1 | |
| Spiked Barricades | 2 | |
| Armor | 1 | |
| Reinforced Defenses | 1 | |
| Envenomed Spears | 1 | |
6 total
» buildings
| Orc Burrow | 11 | |
| Altar of Storms | 1 | |
| Barracks | 1 | |
| Voodoo Lounge | 1 | |
| Stronghold | 1 | |
| War Mill | 1 | |
| Great Hall | 2 | |
| Watch Tower | 7 | |
| Fortress | 1 | |
| Beastiary | 2 | |
28 total
» build order
00:40 Orc Burrow
00:55 Altar of Storms
01:10 Barracks
01:20 Orc Burrow
02:08 Orc Burrow
03:14 Voodoo Lounge
03:59 Stronghold
05:09 War Mill
06:15 Great Hall
06:30 Watch Tower
06:33 Watch Tower
06:34 Watch Tower
07:48 Watch Tower
07:54 Orc Burrow
07:55 Orc Burrow
09:34 Watch Tower
09:42 Fortress
10:01 Watch Tower
10:06 Watch Tower
10:44 Beastiary
10:49 Orc Burrow
10:52 Orc Burrow
12:57 Beastiary
16:51 Great Hall
16:58 Orc Burrow
16:59 Orc Burrow
16:59 Orc Burrow
17:00 Orc Burrow
» items
| Scroll of Town Portal | 1 | |
| Scroll of Protection | 2 | |
| Scroll of Healing | 2 | |
| Potion of Lesser Invulnerability | 1 | |
6 total
team 2 (loser)

»
elwolf6 (
blue | 26 APM | 735 actions | 28:47)
5 Keeper of the Grove
3 Entangling Roots
2 Thorns Aura
» actions
| Basic commands | 1 | |
| Build / train | 58 | |
| ESC pressed | 2 | |
| Enter build submenu | 16 | |
| Enter hero's abilities submenu | 5 | |
| Remove unit from queue | 1 | |
| Right click | 359 | |
| Select / deselect | 249 | |
| Use ability | 44 | |
735 total
» units
| Wisp | 15 | |
| Huntress | 9 | |
| Dryad | 5 | |
| Mountain Giant | 2 | |
31 total
» upgrades
| Strength of the Wild | 3 | |
| Reinforced Hides | 3 | |
| Abolish Magic | 1 | |
| Hardened Skin | 1 | |
| Resistant Skin | 1 | |
| Ultravision | 1 | |
10 total
» buildings
| Altar of Elders | 1 | |
| Moon Well | 6 | |
| Hunter's Hall | 1 | |
| Ancient of War | 2 | |
| Ancient of Wonders | 1 | |
| Tree of Ages | 1 | |
| Ancient of Lore | 2 | |
| Tree of Eternity | 1 | |
| Ancient of Wind | 3 | |
18 total
» build order
00:15 Altar of Elders
00:17 Moon Well
01:12 Hunter's Hall
01:42 Ancient of War
02:00 Moon Well
02:16 Ancient of Wonders
02:40 Ancient of War
04:23 Tree of Ages
05:07 Moon Well
06:00 Moon Well
06:48 Ancient of Lore
06:49 Ancient of Lore
09:37 Tree of Eternity
13:10 Moon Well
13:15 Moon Well
28:38 Ancient of Wind
28:42 Ancient of Wind
28:46 Ancient of Wind
» items
| Dust of Appearance | 2 | |
| Scroll of Town Portal | 2 | |
| Potion of Healing | 1 | |
| Orb of Venom | 1 | |
| Orb of Fire | 1 | |
7 total

»
chicityorcs (
red | 34 APM | 973 actions | 28:47)
4 Archmage
2 Summon Water Elemental
2 Blizzard
3 Paladin
1 Holy Light
2 Devotion Aura
» actions
| Basic commands | 29 | |
| Build / train | 73 | |
| Enter build submenu | 28 | |
| Enter hero's abilities submenu | 7 | |
| Right click | 405 | |
| Select / deselect | 347 | |
| Use ability | 84 | |
973 total
» units
| Peasant | 11 | |
| Footman | 8 | |
| Knight | 12 | |
| Wisp | 1 | |
32 total
» upgrades
| Masonry | 3 | |
| Swords | 3 | |
| Plating | 3 | |
| Lumber Harvesting | 2 | |
| Animal War Training | 1 | |
12 total
» buildings
| Farm | 7 | |
| Barracks | 2 | |
| Altar of Kings | 2 | |
| Lumber Mill | 1 | |
| Arcane Vault | 1 | |
| Blacksmith | 1 | |
| Keep | 1 | |
| Town Hall | 3 | |
| Scout Tower | 7 | |
| Guard Tower | 6 | |
| Castle | 1 | |
| Arcane Tower | 1 | |
33 total
» build order
00:24 Farm
00:40 Barracks
01:10 Farm
01:23 Altar of Kings
01:58 Farm
02:09 Lumber Mill
02:34 Arcane Vault
03:01 Blacksmith
04:12 Keep
04:18 Farm
05:03 Town Hall
05:57 Scout Tower
06:23 Guard Tower
06:27 Scout Tower
06:32 Scout Tower
06:35 Castle
06:56 Guard Tower
07:03 Arcane Tower
08:02 Barracks
10:39 Farm
12:09 Farm
13:35 Farm
16:27 Scout Tower
17:07 Guard Tower
18:40 Scout Tower
18:44 Scout Tower
19:14 Guard Tower
19:15 Guard Tower
20:31 Town Hall
21:05 Town Hall
25:34 Scout Tower
26:12 Guard Tower
28:39 Altar of Kings
» items
| Scroll of Town Portal | 4 | |
| Orb of Fire | 1 | |
| Lesser Clarity Potion | 2 | |
| Potion of Healing | 1 | |
| Potion of Mana | 2 | |
| Scroll of Regeneration | 1 | |
11 total

»
TALONSAREIMBA (
pink | 136 APM | 3922 actions | 28:47)
2 Keeper of the Grove
1 Entangling Roots
1 Thorns Aura
5 Warden
3 Fan of Knives
2 Blink
4 Priestess of the Moon
2 Trueshot Aura
2 Searing Arrows
» actions
| Assign group hotkey | 45 | |
| Basic commands | 124 | |
| Build / train | 114 | |
| ESC pressed | 5 | |
| Enter build submenu | 36 | |
| Enter hero's abilities submenu | 11 | |
| Give item / drop item | 2 | |
| Right click | 2198 | |
| Select / deselect | 828 | |
| Select group hotkey | 466 | |
| Use ability | 93 | |
3922 total
» units
| Wisp | 43 | |
| Archer | 25 | |
| Hippogryph | 14 | |
82 total
» upgrades
| Improved Bows | 1 | |
| Hippogryph Taming | 1 | |
| Strength of the Moon | 3 | |
| Moon Armor | 3 | |
8 total
» buildings
| Altar of Elders | 1 | |
| Moon Well | 6 | |
| Ancient of War | 3 | |
| Tree of Life | 5 | |
| Tree of Ages | 1 | |
| Hunter's Hall | 1 | |
| Ancient of Wind | 1 | |
| Ancient of Wonders | 1 | |
| Tree of Eternity | 1 | |
| Ancient Protector | 16 | |
36 total
» build order
00:12 Altar of Elders
00:13 Moon Well
00:44 Ancient of War
01:39 Moon Well
03:55 Tree of Life
04:04 Tree of Ages
04:08 Moon Well
04:33 Hunter's Hall
05:19 Ancient of War
07:07 Ancient of Wind
09:37 Ancient of War
09:59 Moon Well
10:04 Ancient of Wonders
10:19 Moon Well
14:00 Tree of Eternity
14:29 Moon Well
16:48 Tree of Life
16:54 Tree of Life
21:39 Ancient Protector
21:42 Ancient Protector
21:44 Ancient Protector
21:46 Ancient Protector
21:49 Ancient Protector
21:55 Ancient Protector
22:29 Ancient Protector
22:32 Ancient Protector
22:34 Ancient Protector
22:36 Ancient Protector
22:38 Ancient Protector
23:01 Ancient Protector
23:03 Ancient Protector
23:22 Ancient Protector
23:28 Tree of Life
23:56 Ancient Protector
25:59 Ancient Protector
27:37 Tree of Life
» items
| Boots of Speed | 1 | |
| Dust of Appearance | 1 | |
| Scroll of Town Portal | 4 | |
| Orb of Venom | 1 | |
7 total

»
urutu (
orange | 26 APM | 664 actions | 25:39)
4 Keeper of the Grove
2 Force of Nature
2 Entangling Roots
2 Priestess of the Moon
1 Searing Arrows
1 Trueshot Aura
» actions
| Basic commands | 3 | |
| Build / train | 77 | |
| Enter build submenu | 28 | |
| Enter hero's abilities submenu | 6 | |
| Right click | 237 | |
| Select / deselect | 267 | |
| Use ability | 46 | |
664 total
» units
| Wisp | 22 | |
| Archer | 6 | |
| Huntress | 7 | |
| Druid of the Talon | 1 | |
| Chimaera | 7 | |
| Dryad | 6 | |
| Mountain Giant | 6 | |
55 total
» upgrades
| Strength of the Wild | 3 | |
| Reinforced Hides | 3 | |
| Corrosive Breath | 1 | |
| Hardened Skin | 1 | |
| Resistant Skin | 1 | |
9 total
» buildings
| Moon Well | 6 | |
| Ancient of War | 1 | |
| Altar of Elders | 1 | |
| Tree of Ages | 1 | |
| Hunter's Hall | 1 | |
| Tree of Life | 2 | |
| Ancient of Wind | 1 | |
| Tree of Eternity | 1 | |
| Chimaera Roost | 2 | |
| Ancient of Lore | 1 | |
| Ancient of Wonders | 1 | |
| Ancient Protector | 6 | |
24 total
» build order
00:09 Moon Well
01:00 Ancient of War
01:47 Altar of Elders
02:14 Moon Well
02:41 Tree of Ages
02:55 Moon Well
03:31 Moon Well
04:16 Hunter's Hall
05:21 Tree of Life
05:48 Ancient of Wind
05:50 Tree of Eternity
09:17 Chimaera Roost
09:22 Chimaera Roost
09:51 Moon Well
10:59 Ancient of Lore
11:04 Moon Well
12:38 Ancient of Wonders
20:48 Ancient Protector
20:51 Ancient Protector
20:57 Ancient Protector
21:02 Ancient Protector
21:08 Ancient Protector
21:20 Ancient Protector
23:25 Tree of Life
» items
| Orb of Venom | 1 | |
| Scroll of Town Portal | 2 | |
3 total
Chat log
(00:13 / Allies) chicityorcs: hello
(00:19 / Allies) urutu: .-.
(00:26 / Allies) elwolf6: sup
(00:28 / Allies) TALONSAREIMBA: hi
(00:35 / Allies) elwolf6: damn 3 ne
(00:36 / Allies) chicityorcs: units pls
(00:41 / Allies) TALONSAREIMBA: pwner units
(00:50 / Allies) elwolf6: kotg
(00:53 / Allies) elwolf6: drayds mgs
(01:03 / Allies) chicityorcs: melee
(02:52 / All) J3lue.: that random 80's song that plays on your shuffle
(02:58 / All) TALONSAREIMBA: bnet fucking lags
(09:57 / Allies) elwolf6: come guys hit green
(12:35 / Allies) elwolf6: out
(13:35 / Allies) elwolf6: come oj
(14:22 / Allies) elwolf6: goo red
(15:08 / Allies) elwolf6: out
(16:08 / Allies) urutu: w8 blue
(16:09 / Allies) elwolf6: oj come
(16:35 / Allies) elwolf6: get hipps oj
(16:49 / Allies) elwolf6: get his main
(17:04 / All) J3lue.: gg
(17:53 / Allies) elwolf6: run oink
(18:03 / Allies) urutu: raped
(18:36 / Allies) elwolf6: get his main
(19:04 / Allies) elwolf6: main
(20:33 / Allies) elwolf6: leave my base
(21:05 / Allies) TALONSAREIMBA: gyros
(21:07 / Allies) TALONSAREIMBA: ore siege tanks red
(22:48 / Allies) elwolf6: tp out oj
(23:33 / Allies) elwolf6: get main red
(25:16 / Allies) elwolf6: tp out
(25:19 / Allies) elwolf6: tp out
(28:04 / Allies) elwolf6: tp out
(28:05 / Allies) elwolf6: red
(28:43 / All) J3lue.: gtfo